 Dungeon Crawl Stone Soup version 0.20-a0-1101-g1de9d76 (webtiles) character file.

21355 lauthentik the Unseen (level 12, -4/81 HPs)
             Began as a Vampire Enchanter on May 4, 2017.
             Was a Priest of Sif Muna.
             Slain by a catoblepas (19 damage)
             ... on level 4 of the Lair of Beasts.
             The game lasted 01:22:14 (13376 turns).

lauthentik the Unseen (Vampire Enchanter)          Turns: 13376, Time: 01:22:14

Health: -4/81      AC:  8    Str: 16    XL:     12   Next: 53%
Magic:  32/34      EV: 16    Int: 27    God:    Sif Muna [***...]
Gold:   780        SH:  0    Dex: 15    Spells: 15/29 levels left

rFire    . . .     SeeInvis +   t - +2 dagger (elec)
rCold    + . .     Gourm    .   (no shield)
rNeg     + + +     Faith    +   a - +2 robe "Roecezet" {Str+5 Int+3}
rPois    +         Spirit   .   i - +1 helmet
rElec    .         Reflect  .   K - +0 cloak
rCorr    .         Harm     .   C - +0 pair of gloves
MR       ++...                  (no boots)
Stlth    ++++++++..             O - amulet of faith
Regen    0.2/turn               L - ring "Vufo" {rN+ MR+ Str+4 Int+2}
MPRegen  0.3/turn               N - ring of magical power

@: regenerating slowly
A: fangs 3, see invisible, unbreathing
a: Bat Form, Divine Energy, Channel Magic, Renounce Religion


You were on level 4 of the Lair of Beasts.
You worshipped Sif Muna.
Sif Muna was most pleased with you.
You were near bloodless.

You visited 3 branches of the dungeon, and saw 14 of its levels.
You also visited: Sewer.

You collected 780 gold pieces.

Inventory:

Hand Weapons
 b - a +0 rapier of protection
 g - a +1 dagger of freezing
 t - a +2 dagger of electrocution (weapon)
Missiles
 f - 6 javelins of returning (quivered)
 s - 15 tomahawks
Armour
 a - the +2 robe "Roecezet" (worn) {Str+5 Int+3}
   (You found it on level 2 of the Lair of Beasts)

   It affects your strength (+5).
   It affects your intelligence (+3).
 i - a +1 helmet (worn)
 C - a +0 pair of gloves (worn)
 K - a +0 cloak (worn)
Magical Staves
 v - an uncursed staff of conjuration {unknown}
Jewellery
 L - the ring "Vufo" (left hand) {rN+ MR+ Str+4 Int+2}
   (You found it on level 3 of the Lair of Beasts)

   [ring of protection from magic]

   It affects your strength (+4).
   It affects your intelligence (+2).
   It protects you from negative energy.
   It affects your resistance to hostile enchantments.
 N - a ring of magical power (right hand)
 O - an amulet of faith (around neck)
Wands
 u - a wand of acid (6/15)
 z - a wand of disintegration (23/24)
 A - a wand of iceblast (5/15)
 D - a wand of flame (18/48)
 F - a wand of digging (8/24)
 H - a wand of paralysis (10/24)
Scrolls
 k - 3 scrolls of identify
 n - 2 scrolls of amnesia
 o - 4 scrolls of teleportation
 p - a scroll of holy word {unknown}
 q - 3 scrolls of magic mapping
 r - 3 scrolls of remove curse
 w - a scroll of acquirement {unknown}
 y - 2 scrolls of enchant armour
 I - 2 scrolls of recharging
Potions
 c - a potion of magic {unknown}
 d - 34 potions of blood
 e - 6 potions of curing
 h - 5 potions of haste
 j - 3 potions of mutation {unknown}
 l - 2 potions of flight {unknown}
 m - 2 potions of lignification {unknown}
 x - 3 potions of heal wounds {unknown}
 B - 5 potions of might {unknown}
 E - a potion of cancellation
 M - a potion of berserk rage {unknown}


   Skills:
 + Level 3.5 Fighting
 + Level 6.7 Short Blades
 + Level 1.4 Throwing
 + Level 6.0 Dodging
 + Level 17.0 Stealth
 + Level 9.2 Spellcasting
 + Level 12.6 Hexes
 + Level 0.8 Summonings
 + Level 7.9 Ice Magic


You had 15 spell levels left.
You knew the following spells:

 Your Spells              Type           Power        Failure   Level  Hunger
a - Ensorcelled Hibernat  Hex/Ice        ######       1%          2    None
b - Corona                Hex            ######.      1%          1    None
c - Confuse               Hex            ######..     1%          3    None
d - Summon Guardian Gole  Hex/Summ       #####...     1%          3    None
e - Animate Skeleton      Necr           N/A          4%          1    None
f - Summon Ice Beast      Ice/Summ       #####...     8%          4    #......


Dungeon Overview and Level Annotations

Branches:
Dungeon (9/15)             Temple (1/1) D:7            Lair (4/6) D:9
  Snake (0/4) Lair:2          Orc (0/2) D:9
  Swamp: Lair:2-4    Shoals: Lair:2-4

Altars:
Ashenzari
Cheibriados
Dithmenos
Elyvilon
Gozag
Hepliaklqana
Kikubaaqudgha
Makhleb
Nemelex Xobeh
Okawaru
Qazlal
Ru
Sif Muna
Trog
Uskayaw
Vehumet
Wu Jian
Xom
Yredelemnul
Zin
The Shining One


Innate Abilities, Weirdness & Mutations

You heal slowly.
You have razor-sharp teeth.
You have supernaturally acute eyesight. (SInv)
You can survive without breathing.


Message History

* * * LOW HITPOINT WARNING * * *
The yak stops moving altogether! x2
You turn to flesh and can move again.
The helpless torpor snail fails to defend itself.
You perforate the torpor snail like a sieve!!!!
The torpor snail is almost dead.
The helpless torpor snail fails to defend itself.
You spit the torpor snail like a pig!!!!
You kill the torpor snail!
Sif Muna accepts your kill.
Your Stealth skill increases to level 17!
You feel yourself speed up.
Casting: Ensorcelled Hibernation
Confirm with . or Enter, or press ? or * to list all spells.
Aiming: Ensorcelled Hibernation
Press: ? - help, Shift-Dir - straight line, f/p - catoblepas
Aim: a catoblepas (chance to defeat MR: 11%)
The catoblepas resists with almost no effort.
The catoblepas gores you!!
You die...

##..........#P.
#........?......
#..............
#.............
#............
###........##
#.#.......#.##### ##
#YYY#.....##...##P.
#.@#.......##......
#...........##.[....
#............##.....
##.........###......
#.........##.......
#..........#........
#..........#........
#..........##.......
#.........#........


You could see a catoblepas and 2 yaks.

Vanquished Creatures
  A hydra (Lair:3)
  Erica (Lair:2)
  A two-headed ogre (D:9)
  Sonja (Lair:2)
  Pikel (D:6)
  5 elephants (Lair:2)
  A torpor snail (Lair:4)
  A rime drake (Lair:3)
  17 spiny frogs
  2 komodo dragons (Lair:3)
  4 blink frogs
  A polar bear (Lair:2)
  Prince Ribbit (D:5)
  4 hippogriffs
  A spriggan (D:7)
  Sigmund (D:3)
  A basilisk (Lair:4)
  2 hungry ghosts
  14 yaks
  A wyvern (Lair:3)
  2 nagas (Lair:2)
  7 water moccasins
  7 porcupines
  5 orc warriors (D:9)
  An ice beast (D:8)
  A black bear (D:9)
  An eye of draining (D:9)
  2 sky beasts
  2 necrophages
  2 ogres
  A wolf (Lair:3)
  3 centaurs
  A crocodile (Lair:2)
  5 big kobolds
  10 bullfrogs
  A wyvern skeleton (D:8)
  2 scorpions
  3 wights (D:8)
  5 crimson imps
  2 quasits (D:8)
  A centaur skeleton (D:5)
  6 hounds
  2 orc priests
  2 jellies
  Jessica (D:3)
  Natasha (thrice) (D:3)
  Ijyb (D:3)
  13 orc wizards
  6 worker ants
  A killer bee zombie (D:7)
  A hound skeleton (D:7)
  10 adders
  2 river rats (Sewer)
  A shadow imp (D:9)
  5 oozes (Sewer)
  2 adder skeletons
  3 worms
  2 dart slugs
  5 leopard geckos
  42 orcs
  6 ball pythons
  3 bats
  2 giant cockroaches
  11 goblins
  6 hobgoblins
  5 jackals
  19 kobolds
  8 quokkas
  6 frilled lizards
  A leopard gecko skeleton (D:5)
  A quokka zombie (D:8)
  15 rats
316 creatures vanquished.

Vanquished Creatures (collateral kills)
  A necrophage (D:7)
  A scorpion (D:7)
2 creatures vanquished.

Vanquished Creatures (others)
  An ogre (D:7)
  A crimson imp (D:6)
  3 fungi
5 creatures vanquished.

Grand Total: 323 creatures vanquished

Notes
Turn   | Place    | Note
-------+----------+-------------------------------------------
     0 | D:1      | lauthentik the Vampire Enchanter began the quest for the Orb.
     0 | D:1      | Reached XP level 1. HP: 13/13 MP: 3/3
   578 | D:1      | Reached XP level 2. HP: 19/19 MP: 5/5
   582 | D:1      | Learned a level 2 spell: Ensorcelled Hibernation
  1031 | D:1      | Reached skill level 5 in Hexes
  1257 | D:2      | Reached XP level 3. HP: 16/24 MP: 4/6
  1262 | D:2      | Reached skill level 5 in Stealth
  1733 | D:2      | Found a basalt altar of Yredelemnul.
  1799 | D:2      | Found a stormy altar of Qazlal.
  1864 | D:2      | Reached XP level 4. HP: 7/30 MP: 0/7
  2871 | D:3      | Noticed Natasha
  2881 | D:3      | Killed Natasha
  3116 | D:3      | Reached XP level 5. HP: 35/35 MP: 4/9
  3118 | D:3      | Reached skill level 6 in Stealth
  3237 | D:3      | Noticed Jessica
  3248 | D:3      | Killed Jessica
  3281 | D:3      | Noticed Natasha
  3288 | D:3      | Killed Natasha
  3288 | D:3      | Reached skill level 1 in Ice Magic
  3421 | D:3      | Noticed Sigmund
  3428 | D:3      | Killed Sigmund
  3428 | D:3      | Reached skill level 7 in Stealth
  3428 | D:3      | Reached XP level 6. HP: 41/42 MP: 5/11
  3432 | D:3      | Noticed Natasha
  3451 | D:3      | Killed Natasha
  4030 | D:3      | Noticed Ijyb
  4037 | D:3      | Killed Ijyb
  4328 | D:4      | Reached skill level 1 in Fighting
  4423 | D:4      | Noticed a hungry ghost
  4467 | D:4      | Learned a level 3 spell: Confuse
  4490 | D:4      | Killed a hungry ghost
  4490 | D:4      | Reached skill level 8 in Stealth
  4490 | D:4      | Reached XP level 7. HP: 13/48 MP: 4/12
  4957 | D:4      | Found a glowing drain.
  4995 | Sewer    | Entered a sewer
  5106 | Sewer    | Reached skill level 9 in Stealth
  5761 | Sewer    | Reached XP level 8. HP: 54/54 MP: 10/13
  5929 | D:5      | Entered Level 5 of the Dungeon
  6010 | D:5      | Noticed Prince Ribbit
  6024 | D:5      | Killed Prince Ribbit
  6202 | D:6      | Reached skill level 10 in Stealth
  6977 | D:6      | Reached skill level 5 in Spellcasting
  7052 | D:6      | Noticed Pikel
  7076 | D:6      | Killed Pikel
  7076 | D:6      | Reached XP level 9. HP: 55/61 MP: 5/17
  7258 | D:7      | Learned a level 3 spell: Summon Guardian Golem
  7712 | D:7      | Reached skill level 1 in Throwing
  7712 | D:7      | Reached skill level 11 in Stealth
  8056 | D:7      | Reached skill level 5 in Ice Magic
  8097 | D:7      | Found a staircase to the Ecumenical Temple.
  8180 | Temple   | Entered the Ecumenical Temple
  8317 | Temple   | Became a worshipper of Sif Muna the Loreminder
  8854 | D:8      | Reached skill level 12 in Stealth
  8911 | D:8      | Reached XP level 10. HP: 68/68 MP: 16/19
  9452 | D:9      | Reached skill level 5 in Short Blades
  9492 | D:9      | Reached * piety under Sif Muna
  9642 | D:9      | Found a staircase to the Lair.
  9794 | D:9      | Noticed a two-headed ogre
  9795 | D:9      | Killed a two-headed ogre
  9795 | D:9      | Reached skill level 5 in Dodging
  9795 | D:9      | Reached skill level 13 in Stealth
 10089 | D:9      | Found a burning altar of Makhleb.
 10158 | D:9      | Found a staircase to the Orcish Mines.
 10281 | D:9      | Found a shimmering altar of Xom.
 10281 | D:9      | Found a shimmering altar of Xom.
 10315 | D:9      | Found a shimmering altar of Xom.
 10315 | D:9      | Found a shimmering altar of Xom.
 10315 | D:9      | Found a shimmering altar of Xom.
 10315 | D:9      | Found a shimmering altar of Xom.
 10316 | D:9      | Found a shimmering altar of Xom.
 10356 | D:9      | Reached skill level 10 in Hexes
 10363 | Lair:1   | Entered Level 1 of the Lair of Beasts
 10367 | Lair:1   | You fall through a shaft!
 10367 | Lair:2   | Found a staircase to the Snake Pit.
 10444 | Lair:2   | Noticed a spiny frog
 10452 | Lair:2   | Killed a spiny frog
 10499 | Lair:2   | Noticed a spiny frog
 10505 | Lair:2   | Killed a spiny frog
 10505 | Lair:2   | Reached XP level 11. HP: 65/75 MP: 14/21
 10550 | Lair:2   | Noticed Sonja
 10564 | Lair:2   | Killed Sonja
 10564 | Lair:2   | Reached skill level 14 in Stealth
 10605 | Lair:2   | Learned a level 1 spell: Animate Skeleton
 10633 | Lair:2   | You fall through a shaft for 2 floors!
 10898 | Lair:3   | Reached ** piety under Sif Muna
 10911 | Lair:3   | Reached skill level 15 in Stealth
 10924 | Lair:3   | Got a scorched ivory ring
 11012 | Lair:1   | Identified the ring "Vufo" {rN+ MR+ Str+4 Int+2} (You found it on level 3 of the Lair of Beasts)
 11889 | Lair:2   | Got a warped robe
 11893 | Lair:2   | Noticed Erica
 11904 | Lair:2   | Reached XP level 12. HP: 71/81 MP: 21/24
 11916 | Lair:2   | Killed Erica
 11916 | Lair:2   | Reached *** piety under Sif Muna
 12052 | Lair:2   | Reached skill level 16 in Stealth
 12176 | Lair:2   | Identified the +2 robe "Roecezet" {Str+5 Int+3} (You found it on level 2 of the Lair of Beasts)
 12363 | Lair:2   | Learned a level 4 spell: Summon Ice Beast
 13083 | Lair:3   | Noticed a five-headed hydra
 13088 | Lair:3   | Killed a five-headed hydra
 13354 | Lair:4   | Noticed a catoblepas
 13375 | Lair:4   | Reached skill level 17 in Stealth
 13376 | Lair:4   | Slain by a catoblepas

Vault maps used:
D:1:      lemuel_arrival_funnel, serial_forest, infiniplex_forest_end_2,
          infiniplex_forest_straight_3, infiniplex_forest_clump_diagonal,
          infiniplex_forest_corner_1, infiniplex_forest_clump_tiny,
          minmay_hexomino_u4
D:2:      overflow_temple_1_default, lemuel_crystal_altar, first_bread
D:3:      uniq_crazy_yiuf_cottage, uniq_sigmund, uniq_ijyb, uniq_natasha,
          uniq_jessica
D:4:      portal_sewer_entry_c
D:5:      uniq_prince_ribbit1, uniq_duvessa
D:6:      uniq_pikel
D:7:      temple_green, the_bakery
D:8:      kennysheep_opposing_triangles
D:9:      kennysheep_mini_moat, nicolae_overflow_hidden_temple,
          grunt_lair_entry_orc_guard_hut, david_orc_4, minmay_holes,
          xom_shifter_show
Temple:   dpeg_five_rooms_temple
Lair:2:   guppyfry_snake_entry_garden, lemuel_fruit_tree,
          infiniplex_staircase_pool, uniq_sonja, uniq_erica
Lair:3:   beast_lair_carwin_7, infiniplex_staircase_pool_2
Lair:4:   elwin_shoals_entry_stream, grunt_megastairs_5
Sewer:    sewer_co_tree

Skill      XL: |  1  2  3  4  5  6  7  8  9 10 11 12 |
---------------+-------------------------------------+-----
Hexes          | 5 6 8 9 10 11 12 | 12.6
Stealth        | 5 7 8 9 10 12 13 15 17 | 17.0
Spellcasting   | 3 5 6 7 8 9 |  9.2
Ice Magic      | 1 2 4 5 6 7 |  7.9
Short Blades   | 2 3 4 5 6 |  6.7
Fighting       | 1 2 3 |  3.5
Dodging        | 3 4 5 6 |  6.0
Throwing       | 1 |  1.4
Summonings     | |  0.8

Action                   |  1- 3 |  4- 6 |  7- 9 | 10-12 || total
-------------------------+-------+-------+-------+-------++-------
Melee: Dagger            |   148 |   183 |   358 |   246 ||   935
       Bite              |     7 |    15 |    34 |    13 ||    69
       Rapier            |       |       |       |     7 ||     7
Throw: Javelin           |       |     7 |    49 |     6 ||    62
 Cast: Corona            |     6 |       |       |       ||     6
       Ensorcelled Hiber |    18 |    44 |   143 |   143 ||   348
       Confuse           |       |     3 |     9 |    11 ||    23
       Summon Guardian G |       |       |     2 |     2 ||     4
 Abil: End Transformatio |       |       |       |     1 ||     1
       Bat Form          |       |       |       |     1 ||     1
Evoke: Wand              |       |       |       |     2 ||     2
  Use: Scroll            |     4 |     3 |    10 |     4 ||    21
       Potion            |       |     4 |     6 |     1 ||    11
 Stab: Sleeping          |    19 |    35 |    87 |    99 ||   240
       Confused          |       |     1 |     5 |     7 ||    13
       Petrified         |       |       |       |     2 ||     2
  Eat: Corpse            |     1 |       |     2 |     3 ||     6
Armor: Robe              |    18 |    33 |    66 |    33 ||   150
Dodge: Dodged            |    83 |   102 |   238 |   156 ||   579
